 Dungeon Crawl Stone Soup version 0.19-a0-1002-g674d22e (webtiles) character file.

375885 Leszczynek the Bludgeoner (level 22, -3/230 HPs)
             Began as an Ogre Chaos Knight on July 18, 2016.
             Was the Champion of Makhleb.
             Slain by an ettin
             ... wielding a +0 dire flail
              (29 damage)
             ... on level 5 of the Vaults on July 19, 2016.
             The game lasted 03:49:40 (30759 turns).

Leszczynek the Bludgeoner (Ogre Chaos Knight)      Turns: 30759, Time: 03:49:41

Health: -3/230     AC: 16    Str: 26    XL:     22   Next: 39%
Magic:  40/44      EV: 14    Int: 17    God:    Makhleb [******]
Gold:   632        SH: 21    Dex: 15    Spells: 8 memorised, 21 levels left

rFire  + . .     SeeInvis +     a - +9 morningstar of the Stork {elec, *Contam MP+9 Str+4 Int+3}
rCold  + . .     Gourm    .     f - +9 pearl dragon armour
rNeg   + . .     Faith    .     q - +0 large shield {reflect}
rPois  +         Spirit   .     k - +2 hat {MR+}
rElec  .         Dismiss  .     h - +1 cloak {rPois}
rCorr  .         Reflect  +     (gloves unavailable)
SustAt .         Harm     .     (boots unavailable)
MR     ++++.                    W - amulet of Qiug {Regen+ Dex+5 SInv}
Stlth  ..........               w - ring of ice
                                Q - ring of protection from magic

@: corroded, very slightly contaminated, regenerating (expiring), incredibly
resistant to hostile enchantments, extremely unstealthy
A: unfitting armour, antennae 1, icy blue scales 1, blurry vision 1, deformed
body, dopey 1, fire resistance 2, tough skin 1, weak 1, subdued magic 1
a: Minor Destruction, Lesser Servant of Makhleb, Major Destruction, Greater
Servant of Makhleb, Renounce Religion
}: 3/15 runes: barnacled, silver, gossamer


You were on level 5 of the Vaults.
You worshipped Makhleb.
Makhleb was exalted by your worship.
You were hungry.

You visited 8 branches of the dungeon, and saw 39 of its levels.
You visited 1 bazaar.
You also visited: Ice Cave.

You collected 4156 gold pieces.
You spent 3524 gold pieces at shops.

Inventory:

Hand Weapons
 a - the +9 morningstar of the Stork (weapon) {elec, *Contam MP+9 Str+4 Int+3}
   (You bought it in a shop on level 12 of the Dungeon)

   Occasionally, upon striking a foe, it will discharge some electrical energy
   and cause terrible harm.
   It affects your strength (+4).
   It affects your intelligence (+3).
   It affects your magic capacity (+9).
   It causes magical contamination when unequipped.
Missiles
 z - 19 javelins of penetration
 V - 4 throwing nets
 Z - 88 large rocks (quivered)
Armour
 f - a +9 pearl dragon armour (worn)
 h - a +1 cloak of poison resistance (worn)
 k - a +2 hat of magic resistance (worn)
 q - a +0 large shield of reflection (worn)
Jewellery
 b - the amulet "Semusid" {Reflect rElec Int+10 Dex+2 SH+5 Stlth-}
   (You found it on level 5 of the Vaults)

   [amulet of reflection]

   It shields you and reflects attacks.
   It affects your intelligence (+10).
   It affects your dexterity (+2).
   It insulates you from electricity.
   It affects your SH (+5).
   It makes you less stealthy.
 w - a ring of ice (right hand)
 Q - a ring of protection from magic (left hand)
 U - an uncursed ring of resist corrosion
 W - the amulet of Qiug (around neck) {Regen+ Dex+5 SInv}
   (You found it on level 4 of the Vaults)

   [amulet of regeneration]

   It affects your dexterity (+5).
   It lets you see invisible.
   It increases your rate of regeneration.
Wands
 e - a wand of iceblast (3/15)
 l - a wand of acid (9/15)
 s - a wand of acid (3/15)
 C - a wand of disintegration (13/24)
 J - a wand of polymorph (8/24)
 K - a wand of paralysis (16/24)
 O - a wand of acid (1/15)
 Y - a wand of iceblast (6/15)
Scrolls
 g - 6 scrolls of teleportation
 o - 11 scrolls of identify
 p - a scroll of recharging
 r - 5 scrolls of fog
 A - 3 scrolls of fear
 E - 3 scrolls of magic mapping
 M - 13 scrolls of remove curse
 N - 2 scrolls of silence
 P - 2 scrolls of enchant weapon
 R - 2 scrolls of blinking
Potions
 d - 6 potions of flight
 j - 10 potions of curing
 m - a potion of ambrosia
 n - a potion of invisibility
 v - 4 potions of cure mutation
 x - 4 potions of cancellation
 B - 2 potions of agility
 D - 4 potions of brilliance
 G - 9 potions of might
 I - 7 potions of heal wounds
 T - 3 potions of berserk rage
 X - 3 potions of haste
Miscellaneous
 t - a phial of floods
 u - 3 boxes of beasts
 H - a lamp of fire
 L - a fan of gales
 S - a phantom mirror
Comestibles
 c - 16 bread rations
 i - 13 meat rations
 y - 24 fruits
 F - 13 chunks of flesh


   Skills:
 + Level 15.9 Fighting
 - Level 16.0 Maces & Flails
 + Level 16.0 Throwing
 - Level 9.0 Armour
 - Level 11.0 Dodging
 - Level 1.5 Stealth
 * Level 14.8 Shields
 - Level 9.0 Spellcasting
 - Level 5.1 Charms
 - Level 5.0 Necromancy
 - Level 7.6 Translocations
 + Level 2.4 Transmutations
 - Level 5.0 Air Magic
 - Level 12.6 Invocations
 - Level 9.6 Evocations


You had 21 spell levels left.
You knew the following spells:

 Your Spells              Type           Power        Failure   Level  Hunger
a - Summon Butterflies    Summ           #.......     21%         1    None
b - Repel Missiles        Chrm/Air       ###...       4%          2    None
c - Passwall              Tmut/Erth      #.........   21%         2    None
d - Passage of Golubria   Tloc           N/A          10%         4    ###....
e - Blink                 Tloc           N/A          1%          2    None
f - Apportation           Tloc           ####......   1%          1    None
g - Portal Projectile     Tloc           ####..       2%          3    None
q - Regeneration          Chrm/Necr      ###.......   10%         3    None


Dungeon Overview and Level Annotations

Branches:
Dungeon (14/15)            Temple (1/1) D:7            Lair (6/6) D:10
 Shoals (4/4) Lair:3       Spider (4/4) Lair:2          Orc (2/2) D:11
    Elf (3/3) Orc:2        Vaults (5/5) D:13          Crypt (0/3) Vaults:3
  Slime: Lair:5-6

Altars:
Ashenzari
Dithmenos
Elyvilon
Fedhas
Gozag
Kikubaaqudgha
Makhleb
Nemelex Xobeh
Okawaru
Pakellas
Qazlal
Ru
Sif Muna
Trog
Uskayaw
Vehumet
Xom
Yredelemnul
Zin
The Shining One

Shops:
D:2 }   D:12 (   Orc:2 !([*(   Elf:1 %%?:((   Elf:3 *[}   Shoals:1 *
Shoals:3 ?   Vaults:1 (   Vaults:2 }   Vaults:4 %*(

Portals:
Trove: Vaults:4 (give 2 scrolls of acquirement)

Annotations:
Shoals:4 Ilsuiw
Spider:3 exclusion: upstairs
Spider:4 Asterion
Vaults:2 Sojobo


Innate Abilities, Weirdness & Mutations

You are too large for most types of armour.
You have tough skin. (AC +1)
You have a pair of small antennae on your head.
You are partially covered in icy blue scales. (AC +1)
Scrolls take you a little longer to read.
Armour fits poorly on your strangely shaped body.
You are dopey. (Int -2)
Your flesh is very heat resistant. (rF++)
You are weak. (Str -2)
Your spells are a little easier to cast, but a little less powerful.


Message History

Your skin is crawling a little less now.
You block the ettin's attack. The ettin hits you with a dire flail!!
* * * LOW HITPOINT WARNING * * *
Items here: ( )) † an uncursed rapier; an uncursed arbalest; 21 bolts a glowing shapeshifter corpse Evoke which item? (* to show all) (? for menu, Esc to quit)
Zapping:
K - a wand of paralysis (18/24)
Press: ? - help, Shift-Dir - straight line, f - ettin
Aim: an ettin, wielding two dire flails (chance to defeat MR: 50%)
The ettin resists with some effort.
This wand has 17 charges left.
Evoke which item? (* to show all) (? for menu, Esc to quit)
Zapping:
K - a wand of paralysis (17/24)
Press: ? - help, Shift-Dir - straight line, f/p - ettin
Aim: an ettin, wielding two dire flails (chance to defeat MR: 50%)
The ettin resists with some effort.
This wand has 16 charges left.
The ettin hits you with a dire flail.
* * * LOW HITPOINT WARNING * * *
The ettin hits you with a dire flail!!
You die...

....()............[.,,*,,,,,,,,,,
#....#.c..Q.....#,,,,,*,,,,,*,,*,
#....#...)c{)().#,,,,,*,,,,,*,,*,
#....#.(..####D.#######******,,*,
#....#....#.)Q).#......,,,,,,,,*,
*,,,,#.D.Q#)(c..#.....,,,,,,,,,*,
#,,,,#....#()####..#######******,
#,,,,#....#..#.}..........,,,,,*,
*,,,,#....#.§#..@C.......,,,,,[#,
*,,,,#....#..#..#..#..#######..#,
#,,,,*,,,,#..#..#....}#........#,
#,,,,*,,,,#..#..#...:(#........#,
#,,,,#.,,,#..#.^#..####(.#######,
#,,,,#..,,#..#..#..#...........#,
#....#..,,#..#..#..#.........÷.#,
#....#..,,#..#..#..#..#..#..#))#,
#....#.####..#..#..#..#.....#..#,


You could see an ettin.

Vanquished Creatures
  Bai Suzhen (Vaults:3)
  Saint Roka (Vaults:4)
  2 golden dragons (Vaults:5)
  Arachne (Spider:3)
  Jory (Vaults:2)
  2 tentacled monstrosities (Vaults:5)
  A lich (Vaults:5)
  3 titans (Vaults:5)
  A quicksilver dragon (Vaults:5)
  2 deep elf blademasters
  Kirke (Shoals:3)
  A sphinx (Vaults:5)
  3 tengu reavers
  Frances (Spider:1)
  4 shadow dragons (Vaults:5)
  2 storm dragons (Vaults:5)
  15 vault wardens
  2 frost giants
  A fire giant (Vaults:5)
  2 ghost moths
  An iron dragon (Vaults:5)
  2 deep elf sorcerers
  2 deep elf elementalists (Elf:3)
  4 very ugly things
  9 ironheart preservers
  10 stone giants
  5 entropy weavers
  A war gargoyle (Vaults:4)
  7 deep elf demonologists
  8 deep elf annihilators
  A spark wasp (Spider:3)
  A blizzard demon (IceCv)
  A large abomination (Vaults:5)
  8 deep elf death magi
  7 ettins
  2 merfolk javelineers (Shoals:4)
  A jiangshi (Vaults:3)
  9 merfolk impalers
  A fire dragon (Vaults:1)
  Snorg (D:11)
  15 yaktaur captains
  2 deep elf high priests
  25 vault guards
  A rakshasa (Vaults:2)
  A great orb of eyes (Vaults:1)
  5 hydras
  The ghost of matakusis the Fighter, a journeyman DsGl of Hepliaklqana (D:11)
  11 ogre magi
  Harold (D:12)
  A catoblepas (D:13)
  5 centaur warriors
  19 dancing weapons
  5 merfolk avatars
  A satyr (shapeshifter) (Elf:1)
  An alligator snapping turtle (Shoals:3)
  4 merfolk aquamancers
  An alligator (shapeshifter) (Vaults:5)
  A vampire mage (Vaults:3)
  A titan zombie (Vaults:5)
  A satyr (Shoals:4)
  The ghost of WhatIsLove the Eclecticist, a journeyman DECj of Ashenzari (D:11)
  A deep troll earth mage (Vaults:4)
  A shock serpent (shapeshifter) (Vaults:5)
  13 deep elf knights
  2 small abominations (Elf:3)
  An iron troll (D:13)
  A skeletal warrior (Vaults:3)
  3 flayed ghosts
  A storm dragon skeleton (Vaults:2)
  3 deep trolls
  9 sea snakes
  An unseen horror (D:12)
  A giant orange brain (Vaults:1)
  11 ironbrand convokers
  A phantasmal warrior (Vaults:5)
  9 deep elf archers
  16 orc knights
  4 hill giants
  2 tengu zombies (Vaults:2)
  4 wizards
  A harpy (shapeshifter) (Vaults:2)
  12 harpies
  6 griffons
  54 deep elf magi
  4 necromancers
  A frost giant zombie (Vaults:5)
  9 ugly things
  4 orb spiders
  22 wolf spiders
  17 fauns
  4 hornets
  4 orc sorcerers
  5 cyclopes
  A hornet (shapeshifter) (Vaults:2)
  2 fire giant zombies (Vaults:4)
  8 manticores
  5 sirens
  A moth of wrath (Spider:1)
  A shadow dragon skeleton (Vaults:5)
  4 ice statues
  15 slime creatures
  Maurice (D:8)
  7 elephants
  A fire giant skeleton (Vaults:2)
  A frost giant skeleton (Vaults:5)
  A guardian serpent (Lair:6)
  5 water nymphs
  A human skeleton (Vaults:5)
  8 vault sentinels
  An elf skeleton (Vaults:5)
  8 black mambas
  A gargoyle (D:10)
  10 spiny frogs
  3 torpor snails
  42 yaktaurs
  2 rime drakes
  A komodo dragon (Lair:1)
  8 demonic crawlers
  A tengu conjurer (D:10)
  2 freezing wraiths
  A jumping spider (shapeshifter) (Vaults:4)
  13 ice devils (IceCv)
  6 trolls
  A meliai (shapeshifter) (Vaults:3)
  18 jumping spiders
  27 two-headed ogres
  A guardian mummy (Vaults:4)
  2 wind drakes
  15 merfolk
  15 blink frogs
  6 snapping turtles
  A raiju (shapeshifter) (Vaults:2)
  A meliai zombie (D:13)
  6 boulder beetles
  A fire giant simulacrum (Vaults:2)
  Sigmund (D:2)
  An air elemental (Elf:1)
  A spriggan (shapeshifter) (Vaults:5)
  12 wyverns
  23 tarantellas
  12 water elementals
  An ettin skeleton (Vaults:5)
  2 wraiths
  A shadow (D:11)
  3 fire elementals (Elf:3)
  26 redbacks
  A golden eye (shapeshifter) (Vaults:2)
  40 yaks
  2 hogs (Shoals:3)
  2 basilisks
  9 hippogriffs
  7 vampire mosquitoes
  9 wargs
  A mottled dragon (Vaults:2)
  A human zombie (Vaults:4)
  4 soldier ants
  14 water moccasins
  A giant eyeball (D:10)
  6 porcupines
  2 hell hounds (D:10)
  An ice beast (D:11)
  A meliai simulacrum (D:13)
  37 orc warriors
  5 sky beasts
  A necrophage (D:10)
  58 ogres
  2 phantoms
  6 wasps
  A black bear (Lair:3)
  9 centaurs
  7 crocodiles
  A big kobold (D:11)
  13 giant frogs
  A glowing shapeshifter simulacrum (Vaults:5)
  A wyvern zombie (D:12)
  2 earth elementals (Elf:3)
  3 scorpions
  An elf simulacrum (Vaults:5)
  10 wights
  4 electric eels
  5 howler monkeys
  A quasit (D:13)
  6 crimson imps
  12 orc priests
  3 centaur skeletons
  3 hounds
  3 jellies
  14 orc wizards
  2 giant frog skeletons
  20 worker ants
  8 iguanas
  A boulder beetle simulacrum (Vaults:3)
  3 hell rats (Lair:2)
  2 killer bee zombies
  7 sheep
  2 hound zombies
  2 hound skeletons
  A worker ant zombie (D:10)
  Robin (D:2)
  14 adders
  16 river rats
  3 shadow imps
  11 white imps
  5 ufetubi (IceCv)
  3 oozes
  An adder zombie (D:9)
  2 adder skeletons
  4 worms
  A dart slug (D:1)
  5 giant geckos
  90 orcs
  2 ball pythons
  3 bats
  4 giant cockroaches
  9 goblins
  7 hobgoblins
  8 jackals
  4 kobolds
  3 quokkas
  A giant gecko skeleton (D:4)
  A giant newt (D:4)
  2 quokka skeletons
  A quokka zombie (D:4)
  6 rats
1361 creatures vanquished.

Vanquished Creatures (collateral kills)
  A deep elf blademaster (Elf:2)
  A shadow dragon (Vaults:5)
  An orc warlord (Orc:1)
  An emperor scorpion (Spider:1)
  2 deep elf sorcerers (Elf:3)
  An entropy weaver (Lair:2)
  A stone giant (Vaults:2)
  A deep elf demonologist (Elf:3)
  2 merfolk impalers
  A merfolk javelineer (Shoals:4)
  A hydra (Lair:3)
  3 death yaks (Lair:6)
  A shadow wraith (Vaults:3)
  4 sea snakes (Shoals:3)
  A phantasmal warrior (Vaults:5)
  2 harpies (Shoals:4)
  2 oklob plants
  3 orb spiders
  5 wolf spiders (Spider:3)
  2 hornets
  5 fauns
  A manticore (Shoals:1)
  2 sirens
  A black mamba (Lair:6)
  A spiny frog (Lair:6)
  A water nymph (Shoals:3)
  A demonic crawler (Spider:4)
  A troll (Vaults:4)
  3 jumping spiders
  2 merfolk
  2 slime creatures (Vaults:1)
  5 tarantellas
  3 yaks (Lair:6)
  A wyvern (Lair:6)
  4 water elementals
  7 redbacks
  A hippogriff (Lair:6)
  A warg (Vaults:4)
  A soldier ant (Spider:1)
  2 water moccasins (Lair:6)
  A wasp (Lair:6)
  3 hell rats (Lair:2)
  3 worker ants
  3 adders (Lair:6)
  A river rat (Lair:6)
  3 orcs
95 creatures vanquished.

Vanquished Creatures (others)
  A deep elf master archer (Elf:3)
  A deep elf elementalist (Elf:3)
  3 merfolk javelineers
  An ettin (Vaults:5)
  2 yaktaur captains
  A deep elf high priest (Vaults:5)
  A centaur warrior (Vaults:2)
  A satyr (Shoals:2)
  2 deep elf knights
  2 deep elf archers
  A wolf spider (Spider:3)
  3 cyclopes
  A water nymph (Shoals:4)
  8 yaktaurs
  A tarantella (Spider:1)
  2 humans (Shoals:4)
  2 ogres
  2 centaurs
  An orc priest (Vaults:1)
  An orc wizard (Vaults:3)
  A worker ant (D:5)
  A white imp (IceCv)
  2 ufetubi (IceCv)
  2 jackals (D:5)
  3 fungi
  9 plants
55 creatures vanquished.

Grand Total: 1511 creatures vanquished

Notes
Turn   | Place    | Note
-------+----------+-------------------------------------------
     0 | D:1      | Leszczynek the Ogre Chaos Knight began the quest for the Orb.
     0 | D:1      | Reached XP level 1. HP: 24/24 MP: 1/1
    24 | D:1      | XOM: potion effect (haste)
    52 | D:1      | Reached skill level 1 in Stealth
    59 | D:1      | Reached XP level 2. HP: 29/32 MP: 2/2
    84 | D:1      | XOM: potion effect (might)
   212 | D:1      | Reached XP level 3. HP: 39/39 MP: 3/3
   324 | D:2      | Noticed Sigmund
   380 | D:2      | Reached skill level 5 in Maces & Flails
   405 | D:2      | Found an oddly glowing altar of Pakellas.
   405 | D:2      | Found Pakellas's Prime Provisions.
   455 | D:2      | XOM: noise
   474 | D:2      | Killed Sigmund
   474 | D:2      | Reached skill level 7 in Maces & Flails
   474 | D:2      | Reached XP level 4. HP: 14/48 MP: 4/4
   474 | D:2      | Reached XP level 5. HP: 16/54 MP: 5/5
   616 | D:2      | Reached skill level 8 in Maces & Flails
   712 | D:2      | Reached XP level 6. HP: 50/62 MP: 6/6
   798 | D:2      | Found a sparkling altar of Nemelex Xobeh.
  1031 | D:2      | Noticed Robin
  1067 | D:2      | Killed Robin
  1226 | D:3      | XOM: give mutations
  1226 | D:3      | Gained mutation: Your flesh is heat resistant. (rF+) [Xom's grace]
  1226 | D:3      | Gained mutation: You are partially covered in icy blue scales. (AC +1) [Xom's grace]
  1511 | D:3      | XOM: medium Summ miscast
  1512 | D:3      | Noticed an ice devil
  1539 | D:3      | XOM: give mutation
  1539 | D:3      | Gained mutation: You evolve. [Xom's grace]
  1568 | D:3      | no, i'm not fighting that, xom
  1568 | D:3      | fuck off
  1605 | D:4      | XOM: give mutation
  1605 | D:4      | Gained mutation: Your flesh is very heat resistant. (rF++) [Xom's grace]
  1627 | D:4      | Found an iron altar of Okawaru.
  1720 | D:4      | XOM: give mutation
  1720 | D:4      | Gained mutation: You are weak. (Str -2) [Xom's mischief]
  1788 | D:4      | XOM: god gift: shiny brass wand {god gift}
  1847 | D:4      | XOM: give mutation
  1847 | D:4      | Gained mutation: You are partially covered in rough black scales. (AC +4, Dex -1) [Xom's grace]
  1916 | D:4      | XOM: god gift: shiny pearl dragon armour {god gift}
  1917 | D:4      | jesus
  1917 | D:4      | what is this game
  1917 | D:4      | really
  1928 | D:4      | what the actual fuck
  1928 | D:4      | since when xom is useful
  1974 | D:4      | XOM: fog
  1979 | D:4      | Reached skill level 9 in Maces & Flails
  2011 | D:4      | XOM: give mutations
  2011 | D:4      | Gained mutation: You have supernaturally acute eyesight. (SInv) [Xom's grace]
  2011 | D:4      | Gained mutation: You are mostly covered in icy blue scales. (AC +3, EV -1) [Xom's grace]
  2011 | D:4      | Gained mutation: You have a pair of small antennae on your head. [Xom's grace]
  2011 | D:4      | Gained mutation: You are resistant to hostile enchantments. (MR+) [Xom's grace]
  2012 | D:4      | Reached skill level 1 in Shields
  2013 | D:4      | ...?
  2043 | D:4      | XOM: scenery: 1 doors close
  2152 | D:5      | Entered Level 5 of the Dungeon
  2161 | D:5      | XOM: 3-stop teleportation journey
  2233 | D:5      | XOM: harmless Conj miscast
  2273 | D:5      | Found a white marble altar of Elyvilon.
  2434 | D:5      | XOM: destruction
  2483 | D:5      | XOM: god gift: runed hat {god gift}
  2490 | D:5      | really
  2498 | D:5      | Noticed an orc warrior
  2499 | D:5      | XOM: summons friendly quasit
  2505 | D:5      | Reached XP level 7. HP: 70/70 MP: 7/7
  2511 | D:5      | Reached skill level 2 in Shields
  2514 | D:5      | XOM: fog
  2605 | D:6      | XOM: potion effect (heal wounds)
  2690 | D:6      | Reached skill level 3 in Shields
  2776 | D:6      | XOM: divination: detect creatures
  2785 | D:6      | XOM: divination: magic mapping
  2823 | D:6      | XOM: harmless Tmut miscast
  2839 | D:6      | XOM: divination: magic mapping
  2876 | D:6      | XOM: cleaving
  2885 | D:6      | Reached skill level 4 in Shields
  2891 | D:6      | Reached skill level 10 in Maces & Flails
  2891 | D:6      | Reached XP level 8. HP: 62/78 MP: 8/8
  2935 | D:6      | XOM: harmless Air miscast
  2941 | D:6      | XOM: harmless Fire miscast
  2976 | D:6      | Gained mutation: Your mind is acute. (Int +2) [evolution]
  3123 | D:7      | Reached skill level 5 in Shields
  3195 | D:7      | Found a staircase to the Ecumenical Temple.
  3203 | Temple   | Entered the Ecumenical Temple
  3204 | Temple   | well, let's see what xom's anger is like
  3267 | Temple   | Fell from the grace of Xom
  3267 | Temple   | Became a worshipper of Makhleb the Destroyer
  3363 | D:7      | Found an opulent altar of Gozag.
  3432 | D:7      | Reached skill level 6 in Shields
  3584 | D:8      | XOM: summons 4 hostile demons
  3585 | D:8      | Noticed a ynoxinul
  3585 | D:8      | Noticed a rust devil
  3709 | D:8      | XOM: give mutations
  3709 | D:8      | Lost mutation: You evolve. [Xom's mischief]
  3709 | D:8      | Lost mutation: Your mind is acute. (Int +2) [Xom's mischief]
  3709 | D:8      | Lost mutation: You are resistant to hostile enchantments. (MR+) [Xom's mischief]
  3709 | D:8      | Lost mutation: You are partially covered in rough black scales. (AC +4, Dex -1) [Xom's mischief]
  3781 | D:8      | Noticed Maurice
  3818 | D:8      | Killed Maurice
  3818 | D:8      | Reached skill level 5 in Fighting
  3818 | D:8      | Reached skill level 11 in Maces & Flails
  3818 | D:8      | Reached XP level 9. HP: 88/88 MP: 9/9
  3935 | D:8      | Reached * piety under Makhleb
  4049 | D:8      | Found a deep blue altar of Sif Muna.
  4055 | D:8      | Found a shattered altar of Ashenzari.
  4058 | D:8      | Found a sacrificial altar of Ru.
  4140 | D:9      | Noticed an angel
  4141 | D:9      | Found a glowing silver altar of Zin.
  4142 | D:9      | Found a shimmering altar of Xom.
  4165 | D:9      | Reached skill level 12 in Maces & Flails
  4172 | D:9      | Found a glowing golden altar of the Shining One.
  4371 | D:9      | Found a radiant altar of Vehumet.
  4477 | D:9      | Reached skill level 6 in Fighting
  4477 | D:9      | Reached skill level 7 in Shields
  4617 | D:9      | Noticed a four-headed hydra
  4632 | D:9      | Killed a four-headed hydra
  4632 | D:9      | Reached skill level 7 in Fighting
  4632 | D:9      | Reached skill level 13 in Maces & Flails
  4632 | D:9      | Reached XP level 10. HP: 77/102 MP: 10/10
  4844 | D:10     | Entered Level 10 of the Dungeon
  4881 | D:10     | Reached ** piety under Makhleb
  4933 | D:10     | Reached skill level 1 in Invocations
  4959 | D:10     | Reached skill level 2 in Invocations
  5004 | D:10     | Noticed a gargoyle
  5034 | D:10     | Killed a gargoyle
  5034 | D:10     | Reached skill level 3 in Invocations
  5088 | D:10     | Reached skill level 8 in Fighting
  5104 | D:10     | Found a staircase to the Lair.
  5195 | D:10     | XOM: god gift: 27 gold pieces
  5433 | D:11     | Found a staircase to the Orcish Mines.
  5439 | D:11     | Noticed a manticore
  5440 | D:11     | Reached skill level 4 in Invocations
  5443 | D:11     | Reached skill level 8 in Shields
  5451 | D:11     | Reached *** piety under Makhleb
  5451 | D:11     | Reached skill level 14 in Maces & Flails
  5625 | D:11     | Noticed Snorg
  5651 | D:11     | HP: 5/106 [Snorg (12)]
  5824 | D:11     | Noticed matakusis's ghost (journeyman DsGl)
  5829 | D:11     | Reached skill level 5 in Invocations
  5871 | D:10     | Reached XP level 11. HP: 81/113 MP: 13/15
  6043 | D:10     | Reached skill level 9 in Fighting
  6128 | D:11     | Killed a manticore
  6128 | D:11     | Reached skill level 6 in Invocations
  6218 | Lair:1   | Entered Level 1 of the Lair of Beasts
  6218 | Lair:1   | Noticed an oklob plant
  6230 | Lair:1   | Killed an oklob plant
  6274 | Lair:1   | XOM: cloud trail
  6734 | Lair:1   | Reached skill level 7 in Invocations
  6853 | Lair:1   | Reached **** piety under Makhleb
  6898 | Lair:1   | Reached skill level 10 in Fighting
  7022 | Lair:2   | Reached skill level 8 in Invocations
  7036 | Lair:2   | Reached skill level 9 in Shields
  7040 | Lair:2   | Reached skill level 1 in Armour
  7133 | Lair:2   | Reached skill level 15 in Maces & Flails
  7147 | Lair:2   | Reached skill level 2 in Armour
  7285 | Lair:2   | Reached XP level 12. HP: 126/126 MP: 18/18
  7295 | Lair:2   | Reached skill level 3 in Dodging
  7374 | Lair:2   | Found a hole to the Spider Nest.
  7472 | Lair:3   | XOM: enchant monster (bad)
  7480 | Lair:3   | Reached skill level 3 in Armour
  7523 | Lair:3   | Found a staircase to the Shoals.
  7604 | Lair:3   | Reached ***** piety under Makhleb
  7672 | Lair:3   | XOM: mild Air miscast
  7716 | Lair:3   | Noticed an eight-headed hydra
  7732 | Lair:3   | Killed an eight-headed hydra
  7732 | Lair:3   | Reached skill level 4 in Armour
  7772 | Lair:3   | Noticed a six-headed hydra
  7788 | Lair:3   | Killed a six-headed hydra
  7897 | Lair:3   | Reached skill level 4 in Dodging
  7988 | Lair:3   | Noticed Sonja
  7989 | Lair:3   | Noticed Sonja
  7989 | Lair:3   | Sonja changed into Sonja the black mamba
  7991 | Lair:3   | XOM: noise
  8003 | Lair:3   | Killed Sonja the black mamba
  8056 | Lair:3   | Noticed a seven-headed hydra
  8073 | Lair:3   | Killed a seven-headed hydra
  8073 | Lair:3   | Reached skill level 5 in Armour
  8517 | Lair:4   | Reached skill level 5 in Dodging
  8533 | Lair:4   | Reached skill level 6 in Armour
  8853 | Lair:5   | Reached skill level 16 in Maces & Flails
  8911 | Lair:5   | Reached skill level 1 in Throwing
  8911 | Lair:5   | Reached XP level 13. HP: 129/133 MP: 19/19
  8967 | Lair:5   | Reached skill level 2 in Throwing
  8985 | Lair:5   | XOM: medium Air miscast
  9066 | Lair:5   | normally i'd jump from happiness right now
  9066 | Lair:5   | WDA just lying on the ground
  9066 | Lair:5   | except i have something even better
  9094 | Lair:5   | XOM: blink monster(s)
  9128 | Lair:5   | Reached skill level 3 in Throwing
  9374 | Lair:6   | Entered Level 6 of the Lair of Beasts
  9478 | Lair:6   | Reached skill level 7 in Armour
  9493 | Lair:6   | Reached skill level 6 in Dodging
  9499 | Lair:6   | Reached skill level 4 in Throwing
  9573 | Lair:6   | XOM: mild Conj miscast
  9709 | Lair:6   | Reached skill level 11 in Fighting
  9716 | Lair:6   | Reached skill level 5 in Throwing
 10052 | Lair:6   | Reached ****** piety under Makhleb
 10069 | Lair:6   | XOM: polymorph water moccasin -> rime drake
 10081 | Lair:6   | Reached skill level 6 in Throwing
 10371 | Spider:1 | Entered Level 1 of the Spider Nest
 10373 | Spider:1 | Noticed an entropy weaver
 10408 | Lair:2   | Killed an entropy weaver
 10533 | Spider:1 | Reached XP level 14. HP: 139/148 MP: 20/20
 10575 | Spider:1 | Reached skill level 7 in Dodging
 10668 | Spider:1 | Noticed Frances
 10704 | Spider:1 | XOM: mild Conj miscast
 10706 | Spider:1 | Killed Frances
 10706 | Spider:1 | Reached skill level 12 in Fighting
 10794 | Spider:1 | XOM: draining
 10889 | Spider:1 | Noticed an emperor scorpion
 10910 | Spider:1 | Killed an emperor scorpion
 10910 | Spider:1 | Reached skill level 8 in Dodging
 11147 | Spider:4 | Entered Level 4 of the Spider Nest
 11147 | Spider:4 | Noticed a ghost moth
 11149 | Spider:4 | Noticed Asterion
 11174 | Spider:3 | Killed a ghost moth
 11216 | Spider:3 | Reached skill level 9 in Dodging
 11418 | Spider:3 | XOM: cloud trail
 11477 | Spider:2 | Noticed an emperor scorpion
 11533 | Spider:3 | Reached skill level 13 in Fighting
 11540 | Spider:3 | XOM: noise
 11582 | Spider:3 | Reached skill level 9 in Invocations
 11601 | Spider:3 | Noticed an entropy weaver
 11609 | Spider:3 | Killed an entropy weaver
 11834 | Spider:3 | Noticed an entropy weaver
 11847 | Spider:3 | Killed an entropy weaver
 11847 | Spider:3 | Reached skill level 10 in Invocations
 12110 | Spider:4 | Noticed an entropy weaver
 12113 | Spider:3 | Noticed an entropy weaver
 12201 | Spider:3 | Killed an entropy weaver
 12234 | Spider:3 | Reached XP level 15. HP: 149/162 MP: 23/23
 12285 | Spider:3 | Reached skill level 11 in Invocations
 12323 | Spider:3 | Reached skill level 14 in Fighting
 12493 | Spider:3 | XOM: stat loss: -3 Int (11/14)
 12558 | Spider:4 | Noticed a balrug
 12793 | Spider:4 | Noticed Arachne
 12803 | Spider:4 | Noticed a ghost moth
 12821 | Spider:3 | Killed Arachne
 12846 | Spider:3 | XOM: polymorph neqoxec -> ynoxinul
 12909 | Spider:4 | Killed a ghost moth
 12909 | Spider:4 | Reached skill level 12 in Invocations
 13137 | Spider:4 | Noticed an emperor scorpion
 13139 | Spider:4 | Noticed an emperor scorpion
 13154 | Spider:4 | Noticed a ghost moth
 13155 | Spider:4 | Noticed an emperor scorpion
 13158 | Spider:4 | Noticed an emperor scorpion
 13160 | Spider:4 | Noticed an emperor scorpion
 13160 | Spider:4 | Noticed a ghost moth
 13161 | Spider:4 | Got a gossamer rune of Zot
 13172 | Spider:3 | Upgraded the game from 0.19-a0-994-g3c636f0 to 0.19-a0-1002-g674d22e
 13196 | Spider:3 | XOM: summons 3 hostile demons
 13310 | Spider:1 | XOM: medium Hex miscast
 13338 | Spider:1 | XOM: give mutations
 13338 | Spider:1 | Gained mutation: You are dopey. (Int -2) [Xom's mischief]
 13338 | Spider:1 | Lost mutation: You are mostly covered in icy blue scales. (AC +3, EV -1) [Xom's mischief]
 13425 | Shoals:1 | Entered Level 1 of the Shoals
 13454 | Lair:3   | Reached skill level 7 in Throwing
 13504 | Shoals:1 | normal merfolks are yello
 13504 | Shoals:1 | yellow
 13504 | Shoals:1 | hoooo boy
 13526 | Shoals:1 | Reached skill level 8 in Armour
 13643 | Shoals:1 | Found Moten's Assorted Antiques.
 13652 | Shoals:1 | Bought a tubular emerald ring for 140 gold pieces
 13694 | Shoals:1 | Reached skill level 15 in Fighting
 14009 | Shoals:1 | Learned a level 3 spell: Regeneration
 14208 | Shoals:2 | Reached skill level 8 in Throwing
 14341 | Shoals:3 | Reached skill level 1 in Evocations
 14379 | Shoals:3 | XOM: medium Conj miscast
 14466 | Shoals:3 | fuck
 14493 | Shoals:3 | Reached XP level 16. HP: 89/176 MP: 25/25
 14627 | Shoals:2 | XOM: medium Conj miscast
 14664 | Shoals:2 | oh come ON
 14743 | Shoals:2 | Reached skill level 9 in Throwing
 14748 | Shoals:2 | Reached skill level 2 in Evocations
 14824 | Shoals:3 | Found Poegg's Magic Scroll Boutique.
 14852 | Shoals:3 | Bought a scroll of teleportation for 42 gold pieces
 14852 | Shoals:3 | Bought a scroll of teleportation for 42 gold pieces
 14852 | Shoals:3 | Bought a scroll of identify for 28 gold pieces
 14852 | Shoals:3 | Bought a scroll of identify for 28 gold pieces
 14852 | Shoals:3 | Bought a scroll of enchant weapon for 105 gold pieces
 14852 | Shoals:3 | Bought a scroll of identify for 28 gold pieces
 14852 | Shoals:3 | Bought a scroll of identify for 28 gold pieces
 14960 | Shoals:3 | XOM: blink monster(s)
 15004 | Shoals:3 | Reached skill level 10 in Dodging
 15077 | Shoals:3 | XOM: repel stairs
 15175 | Shoals:4 | Entered Level 4 of the Shoals
 15175 | Shoals:4 | Noticed Kirke
 15195 | Shoals:3 | Killed Kirke
 15203 | Shoals:4 | these will be a problem
 15217 | Shoals:4 | Reached skill level 9 in Armour
 15287 | Shoals:4 | Reached skill level 3 in Evocations
 15311 | Shoals:4 | XOM: noise
 15322 | Shoals:4 | Noticed Ilsuiw
 15389 | Shoals:3 | XOM: give mutations
 15389 | Shoals:3 | Gained mutation: You are very dopey. (Int -4) [Xom's mischief]
 15389 | Shoals:3 | Lost mutation: You are very dopey. (Int -4) [Xom's mischief]
 15389 | Shoals:3 | Lost mutation: You have supernaturally acute eyesight. (SInv) [Xom's mischief]
 15389 | Shoals:3 | Gained mutation: Scrolls take you a little longer to read. [Xom's mischief]
 15389 | Shoals:3 | Gained mutation: Armour fits poorly on your strangely shaped body. [Xom's mischief]
 15389 | Shoals:3 | Was forgiven by Xom
 15442 | Shoals:4 | Reached skill level 10 in Throwing
 15649 | Shoals:4 | Reached skill level 4 in Evocations
 15754 | Shoals:3 | the best moment to lose SInv mutation
 15754 | Shoals:3 | xom giveth, xom taketh away
 16020 | Shoals:4 | Reached skill level 11 in Throwing
 16642 | Shoals:3 | cat and mouse game
 16784 | Shoals:4 | Reached skill level 5 in Evocations
 16950 | Shoals:4 | Reached XP level 17. HP: 146/184 MP: 26/26
 17116 | Shoals:4 | wait
 17116 | Shoals:4 | where's the rune
 17116 | Shoals:4 | wtf
 17116 | Shoals:4 | don't tell me it's somewhere i've already been to
 17175 | Shoals:4 | Got a barnacled rune of Zot
 17176 | Shoals:4 | i'm retarded
 17389 | D:11     | Killed Snorg
 17393 | D:11     | not so tough now you bastard
 17456 | D:11     | Killed matakusis's ghost
 17474 | Orc:1    | Entered Level 1 of the Orcish Mines
 17587 | Orc:1    | Reached skill level 12 in Throwing
 17766 | Orc:2    | Entered Level 2 of the Orcish Mines
 17972 | Orc:1    | Reached skill level 10 in Shields
 18483 | Orc:2    | Found a staircase to the Elven Halls.
 18493 | Orc:2    | Found Biwocwatz's Weapon Shop.
 18584 | Orc:2    | Reached skill level 6 in Evocations
 18681 | Orc:2    | Found Vetigoe's Antique Armour Boutique.
 18681 | Orc:2    | Found Nije's Assorted Antiques.
 18682 | Orc:2    | Found Zecovoz's Distillery.
 18682 | Orc:2    | Found Jainkeibay's Weapon Boutique.
 18737 | Orc:2    | Bought a small opal ring for 130 gold pieces
 18737 | Orc:2    | Bought a scroll of enchant armour for 195 gold pieces
 18746 | Orc:2    | Bought 2 potions of heal wounds for 120 gold pieces
 18746 | Orc:2    | Bought a potion of curing for 36 gold pieces
 18746 | Orc:2    | Bought a potion of might for 48 gold pieces
 18746 | Orc:2    | Bought a potion of might for 48 gold pieces
 18746 | Orc:2    | Bought a potion of haste for 120 gold pieces
 18746 | Orc:2    | Bought a potion of agility for 48 gold pieces
 18746 | Orc:2    | Bought a potion of heal wounds for 60 gold pieces
 18746 | Orc:2    | Bought a potion of heal wounds for 60 gold pieces
 18755 | Orc:2    | Bought a runed shield for 157 gold pieces
 18850 | Elf:1    | Entered Level 1 of the Elven Halls
 18867 | Elf:1    | Gained mutation: Your spells are a little easier to cast, but a little less powerful. [a neqoxec]
 19156 | Elf:1    | Found a frozen archway.
 19199 | IceCv    | Entered an ice cave
 19742 | Elf:1    | Reached skill level 11 in Shields
 19771 | Elf:1    | Found Faps's Food Shop.
 19804 | Elf:1    | Found Istradil's Food Boutique.
 19805 | Elf:1    | Found Giqiekleaju's Book Shop.
 19805 | Elf:1    | Found Gyntol's Magic Scroll Boutique.
 19825 | Elf:1    | Found Gazoas's Antique Weapon Shop.
 19834 | Elf:1    | Bought a scroll of identify for 32 gold pieces
 19834 | Elf:1    | Bought a scroll of identify for 32 gold pieces
 19834 | Elf:1    | Bought a scroll of blinking for 120 gold pieces
 19834 | Elf:1    | Bought a scroll of identify for 32 gold pieces
 19834 | Elf:1    | Bought a scroll of identify for 32 gold pieces
 19834 | Elf:1    | Bought a scroll of identify for 32 gold pieces
 19834 | Elf:1    | Bought a scroll of magic mapping for 56 gold pieces
 19955 | Elf:1    | Found Sigholo's Weapon Shoppe.
 20294 | Elf:1    | Reached skill level 7 in Evocations
 20371 | Elf:1    | Identified the Tome of the Escort (You found it on level 1 of the Elven Halls)
 20373 | Elf:1    | Learned a level 1 spell: Summon Butterflies
 20537 | Elf:2    | Reached XP level 18. HP: 193/193 MP: 27/27
 20549 | Elf:2    | Reached skill level 13 in Throwing
 20817 | Elf:2    | Reached skill level 12 in Shields
 20825 | Elf:2    | Found a runed gate.
 20825 | Elf:2    | Found a runed gate.
 20825 | Elf:2    | Found a runed gate.
 21032 | Elf:2    | Noticed a deep elf blademaster
 21168 | Elf:2    | Reached skill level 8 in Evocations
 21213 | Elf:2    | Killed a deep elf blademaster
 21692 | Elf:3    | Entered Level 3 of the Elven Halls
 21866 | Elf:3    | Found Sota Zitt's Armour Shoppe.
 21926 | Elf:3    | Found Soucerir's General Store.
 22092 | Elf:3    | Bought a potion of haste for 180 gold pieces
 22092 | Elf:3    | Bought a scroll of identify for 36 gold pieces
 22153 | Elf:3    | Noticed a deep elf blademaster
 22169 | Elf:3    | Killed a deep elf blademaster
 22169 | Elf:3    | Reached skill level 9 in Evocations
 22252 | Elf:3    | Noticed a deep elf blademaster
 22287 | Elf:3    | Noticed a Brimstone Fiend
 22313 | Elf:2    | Killed a deep elf blademaster
 22530 | Elf:3    | Identified the Guide on Transmigration and the Birds
 22534 | Elf:3    | Learned a level 2 spell: Repel Missiles
 22537 | Elf:3    | Learned a level 2 spell: Passwall
 22559 | Elf:3    | Learned a level 4 spell: Passage of Golubria
 22562 | Elf:3    | Learned a level 2 spell: Blink
 22564 | Elf:3    | Learned a level 1 spell: Apportation
 22576 | Elf:3    | Identified Sif Muna's Handbook of Unreason (You found it on level 3 of the Elven Halls)
 22621 | Elf:3    | Noticed a Hell Sentinel
 22644 | Elf:3    | Noticed a deep elf master archer
 22650 | Elf:3    | Reached XP level 19. HP: 155/201 MP: 28/28
 22657 | Elf:3    | Reached skill level 14 in Throwing
 22712 | Elf:3    | not this holy shit
 22959 | Elf:3    | Found Jano's Gadget Shop.
 23183 | D:11     | Noticed WhatIsLove's ghost (journeyman DECj)
 23206 | D:11     | Killed WhatIsLove's ghost
 23233 | D:11     | Found a hide-covered altar of Uskayaw.
 23240 | D:11     | Reached skill level 13 in Shields
 23903 | D:12     | Noticed Harold
 23911 | D:12     | Killed Harold
 23927 | D:12     | Learned a level 3 spell: Portal Projectile
 23932 | D:12     | Found Zeawacleumm's Antique Weapon Emporium.
 23940 | D:12     | Bought an ichor-stained morningstar for 279 gold pieces
 23942 | D:12     | Identified the +9 morningstar of the Stork {elec, *Contam MP+9 Str+4 Int+3} (You bought it in a shop on level 12 of the Dungeon)
 23942 | D:12     | NICE
 23942 | D:12     | THANKS
 23943 | D:12     | that was exactly what i was looking for
 24328 | D:13     | Reached skill level 11 in Dodging
 24536 | D:13     | Reached skill level 1 in Translocations
 24550 | D:13     | Found a gate to the Vaults.
 24730 | Vaults:1 | Entered Level 1 of the Vaults
 24775 | Vaults:1 | Reached skill level 1 in Necromancy
 24783 | Vaults:1 | Reached skill level 1 in Charms
 24847 | Vaults:1 | Reached skill level 2 in Translocations
 25071 | Vaults:1 | Reached skill level 2 in Charms
 25084 | Vaults:1 | Reached skill level 2 in Necromancy
 25115 | Vaults:1 | Reached skill level 3 in Translocations
 25334 | Vaults:1 | Reached skill level 4 in Translocations
 25416 | Vaults:1 | Reached skill level 3 in Charms
 25420 | Vaults:1 | Reached skill level 3 in Necromancy
 25698 | Vaults:1 | Found Zirro's Weapon Shoppe.
 25705 | Vaults:1 | Reached skill level 5 in Translocations
 26016 | Vaults:2 | Reached XP level 20. HP: 210/210 MP: 29/29
 26061 | Vaults:2 | Reached skill level 4 in Charms
 26157 | Vaults:2 | Reached skill level 4 in Necromancy
 26265 | Vaults:2 | Reached skill level 6 in Translocations
 26364 | Vaults:2 | Noticed Jory
 26386 | Vaults:2 | Killed Jory
 26687 | Vaults:2 | Reached skill level 1 in Spellcasting
 26724 | Vaults:2 | Reached skill level 2 in Spellcasting
 26755 | Vaults:2 | Found Hacwi Ojozu's Gadget Shoppe.
 26789 | Vaults:2 | Bought a phial of floods for 560 gold pieces
 26789 | Vaults:2 | Bought a lamp of fire for 560 gold pieces
 26843 | Vaults:2 | Reached skill level 7 in Translocations
 27035 | Vaults:3 | Reached skill level 3 in Spellcasting
 27086 | Vaults:3 | Reached skill level 5 in Charms
 27134 | Vaults:3 | Noticed Bai Suzhen
 27135 | Vaults:3 | fucking bai suzhen
 27160 | Vaults:3 | Killed Bai Suzhen
 27160 | Vaults:3 | Reached skill level 4 in Spellcasting
 27215 | Vaults:4 | yes please
 27215 | Vaults:4 | bazaar when i spent all my gold
 27215 | Vaults:4 | nice
 27287 | Vaults:4 | Reached skill level 5 in Spellcasting
 27592 | Vaults:4 | Found Waizxaa's Food Emporium.
 27679 | Vaults:4 | Reached skill level 6 in Spellcasting
 27789 | Vaults:4 | Reached skill level 5 in Necromancy
 27854 | Vaults:4 | Got a crude iron amulet
 27858 | Vaults:4 | Identified the amulet of Qiug {Regen+ Dex+5 SInv} (You found it on level 4 of the Vaults)
 27858 | Vaults:4 | NICE
 27926 | Vaults:4 | Found a flickering gateway to a bazaar.
 27963 | Vaults:4 | Found Omaegal's Assorted Antiques.
 27990 | Vaults:4 | Found Okkage's Antique Weapon Shop.
 28003 | Bazaar   | Entered a bazaar
 28003 | Bazaar   | Found Emeaziq's Gadget Shop.
 28003 | Bazaar   | Found Laes's Book Shoppe.
 28014 | Bazaar   | Found Muskeyroe's Magic Scroll Shop.
 28022 | Bazaar   | Bought a scroll of teleportation for 36 gold pieces
 28042 | Bazaar   | Found Aleed's Magic Scroll Shop.
 28059 | Vaults:4 | so many nice things and i couldn't afford even one
 28102 | Vaults:4 | Bought a scroll of fog for 74 gold pieces
 28142 | Vaults:4 | Noticed Saint Roka
 28177 | Vaults:4 | Reached skill level 7 in Spellcasting
 28203 | Vaults:4 | Killed Saint Roka
 28372 | Vaults:2 | Noticed Sojobo
 28388 | Vaults:3 | Found a staircase to the Crypt.
 28393 | Vaults:3 | Reached XP level 21. HP: 218/218 MP: 32/32
 28568 | Vaults:3 | Reached skill level 8 in Spellcasting
 28660 | Vaults:3 | Reached skill level 15 in Throwing
 28716 | Vaults:3 | You fall through a shaft!
 29092 | Vaults:4 | Found a portal to a secret trove of treasure.
 29105 | Vaults:4 | trove: 2 ?acq
 29105 | Vaults:4 | those two acq that were to be bought in bazaar, i pressume
 29170 | Vaults:4 | Reached skill level 9 in Spellcasting
 29230 | Vaults:5 | Entered Level 5 of the Vaults
 29251 | Vaults:4 | Reached skill level 1 in Air Magic
 29322 | Vaults:4 | ha ha whatever can go wrong amirite
 29429 | Vaults:4 | Reached skill level 2 in Air Magic
 29669 | Vaults:5 | fug
 29721 | Vaults:5 | Reached skill level 3 in Air Magic
 29879 | Vaults:5 | Reached skill level 4 in Air Magic
 29923 | Vaults:5 | Got a brightly glowing copper amulet
 29926 | Vaults:5 | Identified the amulet "Semusid" {Reflect rElec Int+10 Dex+2 SH+5 Stlth-} (You found it on level 5 of the Vaults)
 29926 | Vaults:5 | hooooooly
 30101 | Vaults:5 | Reached skill level 14 in Shields
 30107 | Vaults:5 | Noticed a golden dragon
 30120 | Vaults:5 | Killed a golden dragon
 30219 | Vaults:5 | Got a silver rune of Zot
 30239 | Vaults:5 | Identified Yvom's Tome of Flamy Blows and Bruises (You found it on level 5 of the Vaults)
 30260 | Vaults:5 | Reached skill level 5 in Air Magic
 30326 | Vaults:5 | Reached XP level 22. HP: 227/227 MP: 35/35
 30411 | Vaults:5 | Reached skill level 1 in Transmutations
 30590 | Vaults:5 | Identified Dusiziugu's Papyrus of Unstable Dark Arts (You found it on level 5 of the Vaults)
 30646 | Vaults:5 | Reached skill level 2 in Transmutations
 30681 | Vaults:5 | Noticed a golden dragon
 30706 | Vaults:5 | Killed a golden dragon
 30706 | Vaults:5 | Reached skill level 16 in Throwing
 30759 | Vaults:5 | Slain by an ettin

Vault maps used:
D:1:      minmay_arrival_diagonal_passages, item_on_display_a
D:2:      nemelex_xobeh_ov_fountains_minmay, serial_bayou_pond_e,
          corexii_hall_statues_t, johnstein_pakellas_shop, uniq_robin,
          uniq_terence, uniq_sigmund
D:3:      lemuel_coloured_pillars_altar, overflow_temple_1_default,
          roderic_lattice_a, uniq_jessica, uniq_iyjb
D:4:      okawaru_ov_weapons_minmay, first_bread
D:5:      elyvilon_altar_5, corexii_checkpoint_a
D:6:      minmay_misc_feat_iff
D:7:      kennysheep_mini, minmay_misc_feat_plants
D:8:      grunt_temple_overflow_diamond, tgw_kikubaaqudgha, uniq_maurice
D:9:      grunt_temple_overflow_order_and_chaos_1, lemuel_crystal_altar,
          lemuel_doored_altar
D:10:     minmay_lair_entry_lava, grunt_tengu_nest, onia_ninara_cookie
D:11:     david_orc_3, kennysheep_diamond, uniq_snorg
D:12:     serial_shops, nicolae_shop_crystal, uniq_harold
D:13:     david_vaults_4, kennysheep_boxes
D:14:     serial_shops, shop_fountains, shop, kennysheep_mini_moat, shop_statue,
          kennysheep_cross_room, uniq_louise
Temple:   jpeg_temple_island
Lair:1:   minivault_23, dpeg_stationary_puzzle, serial_bayou_shore_b,
          grunt_megastairs_2, serial_bayou_shore_b
Lair:2:   nicolae_spider_entry_non_spiders, lemuel_old_faithful
Lair:3:   minmay_shoals_entry_centaurs, serial_bayou_shore_a, uniq_sonja
Lair:5:   dpeg_slime_entry_corner, minivault_26, st_stairs_13,
          serial_bayou_lagoon_a, beast_lair_carwin_2
Lair:6:   hangedman_lair_tendril_chambers, wormcave
Shoals:1: serial_shops, shop
Shoals:3: serial_shops, shop
Shoals:4: shoals_end_hangedman, shoals_ilsuiw_ice,
          nicolae_shoals_square_sea_wall, nicolae_shoals_seven_spires,
          nicolae_shoals_circle_sea_wall, uniq_kirke
Spider:1: zaba_anthell, uniq_frances
Spider:2: nicolae_spider_cling_halls
Spider:4: grunt_spider_rune_circles, uniq_arachne, uniq_jorgrun, uniq_asterion
Orc:2:    st_orc_ogre_mass, serial_shops, shop
Elf:1:    eino_elf_arrival_the_gate, portal_ice_cave_entry_ice_statue_two,
          serial_shops, shop, shop, minmay_elf_demonology, minivault_25_ag,
          minmay_shoptagon
Elf:3:    grunt_elf_hall_spiral, mu_enter_wizlab_7, serial_shops, shop, shop,
          nicolae_shop_trees, grunt_ministairs_9
Vaults:1: v_pattern_1, ontoclasm_vaults_gateway, v_misc_4, v_misc_12,
          ontoclasm_vaults_eye, vaults_dpeg_cross, vaults_room_fours, v_misc_29,
          vaults_room_door_ring, nicolae_vaults_angled_halls,
          nicolae_vaults_theta, serial_shops, nicolae_shop_waterfront
Vaults:2: grunt_vaults_twisty, v_misc_4, hangedman_vaults_hat,
          hangedman_vaults_stream, nicolae_vaults_network_quinsquares, v_misc_9,
          ontoclasm_vaults_ligature, ontoclasm_vaults_ring_square,
          vaults_room_door_ring, v_misc_19, nicolae_vaults_little_squares_6,
          vaults_dpeg_hooks, serial_shops, shop, uniq_jory, uniq_sojobo
Vaults:3: minmay_crypt_entry_simple_sparse, grunt_vaults_diagonal,
          nicolae_vaults_theta, vaults_room_boxed, vaults_room_pool,
          serial_ice_b, vaults_dpeg_ring, dpeg_vaults_monster_box,
          uniq_bai_suzhen
Vaults:4: v_rooms_2, nicolae_vaults_little_squares_1,
          hangedman_vaults_stretched_pinwheel, vaults_mumra_minichess_inversion,
          nicolae_vaults_circle_grid_b, vaults_room_stairs_pillars, v_misc_27,
          v_misc_15, vaults_room_door_hall, hangedman_vaults_slice,
          ontoclasm_vaults_hangar, hangedman_vaults_snaps,
          nicolae_trove_entry_path_of_doom, serial_shops, bzr_entry_lakeside,
          shop, shop, shop, shop, uniq_saint_roka
Bazaar:   bazaar_kb_twisted_cavern
IceCv:    ice_cave_small_demon

Skill      XL: |  1  2  3  4  5  6  7  8  9 10 11 12 13 14 15 16 17 18 19 20 21 22 |
---------------+-------------------------------------------------------------------+-----
Stealth        | 1 |  1.5
Maces & Flails | 7 8 9 10 11 13 14 15 16 | 16.0
Shields        | 1 4 6 7 8 9 11 12 13 14 | 14.8
Fighting       | 5 7 8 10 11 13 15 | 15.9
Invocations    | 5 8 10 12 | 12.6
Armour         | 2 6 7 8 9 |  9.0
Dodging        | 5 6 9 10 11 | 11.0
Throwing       | 1 6 8 11 12 13 14 15 16 | 16.0
Evocations     | 1 5 7 9 |  9.6
Translocations | 5 7 |  7.6
Necromancy     | 3 5 |  5.0
Charms         | 3 5 |  5.1
Spellcasting   | 7 9 |  9.0
Air Magic      | 5 |  5.0
Transmutations | 2 |  2.4

Action                   |  1- 3 |  4- 6 |  7- 9 | 10-12 | 13-15 | 16-18 | 19-21 | 22-24 || total
-------------------------+-------+-------+-------+-------+-------+-------+-------+-------++-------
Melee: Mace              |    57 |   131 |       |       |       |       |       |       ||   188
       Morningstar       |       |    42 |   420 |   890 |  1541 |  2042 |  1970 |   208 ||  7113
 Fire: Blowgun           |       |       |       |       |       |     1 |       |       ||     1
Throw: Large rock        |       |       |       |       |       |    52 |    44 |     7 ||   103
       Javelin           |       |       |       |       |       |     6 |       |       ||     6
 Cast: Regeneration      |       |       |       |       |       |       |    15 |     1 ||    16
       Passage of Golubr |       |       |       |       |       |       |     1 |     1 ||     2
       Repel Missiles    |       |       |       |       |       |       |     1 |       ||     1
       Portal Projectile |       |       |       |       |       |       |     1 |       ||     1
Invok: Minor Destruction |       |       |       |    14 |    26 |     4 |       |       ||    44
       Lesser Servant of |       |       |       |     6 |    32 |    19 |     9 |       ||    66
       Greater Servant o |       |       |       |       |     2 |     2 |     1 |       ||     5
Evoke: Wand              |       |     1 |     7 |     7 |     5 |     3 |       |     2 ||    25
  Use: Potion            |     1 |       |       |     3 |     7 |     7 |       |       ||    18
       Scroll            |       |    10 |     4 |    14 |    13 |    14 |    14 |     1 ||    70
 Stab: Sleeping          |     2 |     2 |       |       |       |       |       |       ||     4
       Confused          |     1 |     1 |       |       |       |       |       |       ||     2
       Invisible         |       |       |       |     2 |       |     9 |       |       ||    11
       Distracted        |       |       |       |     2 |    11 |     1 |     5 |       ||    19
       Petrified         |       |       |       |       |     2 |       |       |       ||     2
       Petrifying        |       |       |       |       |     1 |       |       |       ||     1
  Eat: Chunk             |       |     6 |     6 |    12 |    16 |    19 |    23 |     1 ||    83
       Beef jerky        |       |       |     1 |     1 |     2 |     1 |       |       ||     5
       Royal jelly       |       |       |       |     1 |     2 |       |       |       ||     3
       Pizza             |       |       |       |     1 |     2 |     2 |     3 |       ||     8
       Fruit             |       |       |       |       |       |    10 |       |       ||    10
Armor: Robe              |    13 |    39 |       |       |       |       |       |       ||    52
       Pearl dragon armo |       |    44 |   174 |   324 |   835 |   633 |   450 |    46 ||  2506
Dodge: Dodged            |    25 |    48 |    51 |   143 |   478 |   489 |   417 |    58 ||  1709
       Deflected         |       |       |       |       |       |       |     6 |     4 ||    10
Block: Shield            |       |    29 |   176 |   445 |  1283 |  1239 |   870 |       ||  4042
       Reflection        |       |       |     1 |    11 |    18 |    74 |   114 |     8 ||   226
       Large shield      |       |       |       |       |       |       |   455 |   130 ||   585
